 Dungeon Crawl Stone Soup version 0.31.0-11-ge490571c62 (webtiles) character file.

Game seed: 1977568953201301681

0 Asome the Apothecary (level 1, -30/13 HPs)
             Began as a Vampire Alchemist on Feb 2, 2024.
             Killed by an exploding ball python (43 damage)
             ... ignited by their inner flame
             ... on level 1 of the Dungeon.
             The game lasted 00:04:37 (161 turns).

Asome the Apothecary (Vampire Alchemist)             Turns: 161, Time: 00:04:44

Health: -30/13     AC:  2    Str:  7    XL:     1   Next: 0%
Magic:  3/3        EV: 12    Int: 17    God:
Gold:   0          SH:  0    Dex: 14    Spells: 3/4 levels left

rFire   . . .        (no weapon)
rCold   . . .        (no shield)
rNeg    . . .        a - +0 robe
rPois   .            (no helmet)
rElec   .            (no cloak)
rCorr   .            (no gloves)
SInv    +            (no boots)
Will    .....        (no amulet)
Stlth   ++           (no ring)
HPRegen 0.42/turn    (no ring)
MPRegen 0.08/turn

%: no passive effects
@: healing quickly
A: alive, fangs 3, see invisible, vampiric 1
a: Exsanguinate


You were on level 1 of the Dungeon.
You visited 1 branch of the dungeon, and saw 1 of its levels.

Inventory:

Armour
 a - a +0 robe (worn)
Scrolls
 d - a scroll of teleportation {unknown}
Potions
 b - a potion of magic


   Skills:
 + Level 2.1 Dodging
 + Level 3.0 Stealth
 + Level 2.0 Spellcasting
 + Level 0.6 Conjurations
 + Level 3.2 Alchemy


You had 3 spell levels left.
You knew the following spells:

 Your Spells              Type           Power      Damage    Failure   Level
a - Sting                 Conj/Alch      32%        1d5       9%          1

Your spell library contained the following spells:

 Spells                   Type           Power      Damage    Failure   Level
 Mercury Vapours          Alch/Air       14%        N/A       16%         2
 Lesser Beckoning         Tloc           2%         N/A       28%         2
 Mephitic Cloud           Conj/Alch/Air  6%         N/A       34%         3
 Gell's Gravitas          Tloc           1%         N/A       50%         3
 Teleport Other           Tloc           1%         N/A       50%         3
 Olgreb's Toxic Radiance  Alch           12%        N/A       45%         4
 Sticky Flame             Fire/Alch      7%         2d4       69%         4


Dungeon Overview and Level Annotations

Branches:
Dungeon (1/15)

Altars:


Innate Abilities, Weirdness & Mutations

Your natural rate of healing is accelerated.
You have razor-sharp teeth.
You have supernaturally acute eyesight. (SInv)
You are afflicted with vampirism.


Message History

Found 10 gold pieces, a book of Displacement, a rapier and a ring mail.
Found a staircase leading out of the dungeon.
Found a stone staircase leading down.
You pick up a book of Displacement and begin reading...
You add the spells Lesser Beckoning, Gell's Gravitas and Teleport Other to your library.
There is a stone staircase leading down here.
You see here a +0 rapier.
Found a faded altar of an unknown god.
The golden eye turns its gaze towards you.
A rat comes into view.
Found 4 stones.
The golden eye turns its gaze towards you.
Found a scroll labelled EFAQIW SA OMP.
c - a scroll labelled EFAQIW SA OMP
Found a scroll labelled AFEUTR ABRARUCISM.
d - a scroll labelled AFEUTR ABRARUCISM A ball python comes into view.
Okay, then.
The ball python hisses angrily.
You hit the ball python but do no damage.
Your punch misses the ball python. The ball python barely misses you.
The ball python grabs you. The ball python constricts you.
You escape the ball python's grasp.
As you read the scroll labelled EFAQIW SA OMP, it crumbles to dust.
The creatures around you are filled with an inner flame!
It was a scroll of immolation.
The ball python bites you but does no damage.
The ball python closely misses you. The ball python bites you.
The ball python closely misses you.
You see here a +0 ring mail.
The ball python barely misses you. The ball python misses you.
The ball python attacks as it pursues you!
The ball python misses you. The ball python barely misses you.
You hit the ball python.
Flame seeps out of the ball python.
The ball python is moderately wounded.
The ball python is engulfed in blazing flames.
The ball python explodes!
The fiery explosion engulfs you!!!
Ouch! That really hurt!
You die...

....... #..........#.##
####..........# ..
#.............# #.
#.............# #.##
#.............# #..# .
##.............####.######.
........§.§................
##.....[§○@....####...##...
.........§.................
......................#.###
~~~~~~P...P≈~~~≈~~~P.......
~~~~≈≈~...~≈≈~~~~≈≈~..#####
~~~~≈~≈...~~≈~~~~≈≈~..#. ..
~~≈~≈~.....≈~~≈~~~~P..#.##.
..$.....<.............#....
~~~~~≈.....~~~~~~~~P.># #..


There were no monsters in sight!

Vanquished Creatures
  A ball python (D:1)
1 creature vanquished.

Notes
Turn   | Place    | Note
-------+----------+-------------------------------------------
     0 | D:1      | Asome the Vampire Alchemist began the quest for the Orb.
     0 | D:1      | Reached XP level 1. HP: 13/13 MP: 3/3
    42 | D:1      | Noticed a golden eye
    44 | D:1      | Found a faded altar of an unknown god.
    46 | D:1      | Noticed an eye of devastation
    46 | D:1      | Noticed a golden eye
    46 | D:1      | Noticed a golden eye
   161 | D:1      | Killed by an exploding ball python... ignited by their
                  | inner flame

Illustrated notes

Levels and vault maps discovered:
D:1:      giann_bridges, layout_basic, hellmonk_ecumenical_altar_watching_god

Action                     || total
---------------------------++-------
  Melee: Unarmed           ||     2
    Use: Scroll            ||     1
 Armour: Robe              ||     3
  Dodge: Dodged            ||     7
